 Dungeon Crawl Stone Soup version 0.32-a0-702-gc29ba85809 (webtiles) character file.

Game seed: 1338250331889915209

246 Nattfarinn the Firebug (level 5, -3/38 HPs)
             Began as a Mountain Dwarf Fire Elementalist on Mar 14, 2024.
             Was an Initiate of Vehumet.
             Slain by a gnoll
             ... wielding a +0 spear
              (5 damage)
             ... on level 4 of the Dungeon.
             The game lasted 00:05:05 (4325 turns).

Nattfarinn the Firebug (MDFE)                       Turns: 4325, Time: 00:05:06

Health: -3/38      AC:  2    Str: 10    XL:     5   Next: 84%
Magic:  3/9        EV: 10    Int: 24    God:    Vehumet [......]
Gold:   89         SH:  0    Dex: 10    Spells: 7/10 levels left

rFire   . . .        f - +2 dagger (venom)
rCold   . . .        (no shield)
rNeg    . . .        a - +0 robe
rPois   .            (no helmet)
rElec   .            (no cloak)
rCorr   .            (no gloves)
SInv    +            (no boots)
Will    .....        (no amulet)
Stlth   ++           r - ring of see invisible
HPRegen 0.26/turn    k - +6 ring of intelligence
MPRegen 0.11/turn

%: no passive effects
@: about to teleport
A: runic magic, artefact enchanting
a: Renounce Religion


You were on level 4 of the Dungeon.
You worshipped Vehumet.
Vehumet was noncommittal.
You visited 2 branches of the dungeon, and saw 5 of its levels.

You collected 89 gold pieces.

Inventory:

Hand Weapons
 f - a +2 dagger of venom (weapon)
Armour
 a - a +0 robe (worn)
Jewellery
 c - a ring of resist corrosion
 k - a +6 ring of intelligence (right hand)
 q - the ring "Huoxe" {*Corrode *Slow rPois rN+ Str+6}
   (You found it on level 3 of the Dungeon)

   [ring of positive energy]

   Str+6:     It affects your strength (+6).
   rPois:     It protects you from poison.
   rN+:       It protects you from negative energy.
   *Corrode:  It may corrode you when you take damage.
   *Slow:     It may slow you when you take damage.
 r - a ring of see invisible (left hand)
Scrolls
 d - 4 scrolls of teleportation
 e - a scroll of noise
 h - a scroll of immolation {unknown}
 i - a scroll of vulnerability {unknown}
 j - a scroll of acquirement {unknown}
 l - 4 scrolls of enchant weapon
 m - a scroll of identify
 o - a scroll of enchant armour {unknown}
 s - a scroll of silence {unknown}
 t - 2 scrolls of fog {unknown}
 u - a scroll of summoning {unknown}
 v - a scroll of poison {unknown}
Potions
 b - 2 potions of magic
 g - a potion of berserk rage {unknown}
 n - a potion of lignification {unknown}
 p - a potion of curing {unknown}


   Skills:
 - Level 1.3 Dodging
 - Level 1.4 Stealth
 + Level 3.2 Spellcasting
 - Level 0.8 Conjurations
 * Level 6.8 Fire Magic


You had 7 spell levels left.
You knew the following spells:

 Your Spells              Type           Power      Damage    Failure   Level
a - Foxfire               Conj/Fire      88%        2x1d8     2%          1
b - Scorch                Fire           74%        2d8       1%          2

Your spell library contained the following spells:

 Spells                   Type           Power      Damage    Failure   Level
 Inner Flame              Hex/Fire       20%        N/A       8%          3
 Volatile Blastmotes      Fire/Tloc      40%        2d13      8%          3
 Flame Wave               Conj/Fire      22%        2d8       22%         4


Dungeon Overview and Level Annotations

Branches:
Dungeon (4/15)             Temple (1/1) D:4

Altars:
Dithmenos
Hepliaklqana
Makhleb
Nemelex Xobeh
Qazlal
Ru
Uskayaw
Vehumet
Yredelemnul
The Shining One

Shops:
D:4 *


Innate Abilities, Weirdness & Mutations

Your spellcasting is much less encumbered by armour.
You can use scrolls of enchantment on lesser artefacts.


Message History

The jackal bites you but does no damage.
As you read the scroll labelled HEUDINAWKE, it crumbles to dust.
It is a scroll of enchant weapon.
Your +1 dagger of venom glows red for a moment.
The jackal barely misses you. The endoplasm closely misses you.
The gnoll barely misses you.
As you read the scroll labelled SOX BOGIPLEK, it crumbles to dust.
You hear a loud clanging noise!
It was a scroll of noise.
You hear a shout! x2
The jackal bites you but does no damage.
The endoplasm hits you. The gnoll barely misses you.
The jackal bites you but does no damage.
As you read the scroll labelled GIC TUTEIGOIR, it crumbles to dust.
It is a scroll of identify.
d - 5 scrolls of teleportation The endoplasm hits you.
* * * LOW HITPOINT WARNING * * *
The jackal misses you. The jackal bites you.
* * * LOW HITPOINT WARNING * * *
The gnoll barely misses you.
As you read the scroll of teleportation, it crumbles to dust.
You feel strangely unstable. The jackal bites you.
* * * LOW HITPOINT WARNING * * *
The jackal closely misses you. The jackal bites you.
* * * LOW HITPOINT WARNING * * *
The gnoll hits you from afar with a +0 spear.
* * * LOW HITPOINT WARNING * * *
The endoplasm hits you.
* * * LOW HITPOINT WARNING * * *
The gnoll closely misses you.
Unknown command.
The jackal attacks as it pursues you! The jackal barely misses you.
The jackal bites you.
* * * LOW HITPOINT WARNING * * *
The jackal bites you.
* * * LOW HITPOINT WARNING * * *
The gnoll attacks as it pursues you!
The gnoll hits you from afar with a +0 spear.
You die...

.........#####......>....
...............# #.##≈≈≈≈≈≈≈.
...............# #.##≈#####≈.
...............#####...≈# #≈#
...............#..##..#≈# #≈.
#.....................≈# #≈#
#..........h####.....≈##. #≈#
J#######......Jho.......#≈≈≈. ≈≈
g........))..ggh@.###...........
g#######.######h#(.......≈≈≈.≈≈≈.
#..# #.#####...#≈##.# .
##.#############...#≈# #
#..#....[...........≈# .
####.#..###############≈# #
#......## ≈# ######## ≈ #


You could see 2 gnolls, an orc, an endoplasm and 4 jackals.

Vanquished Creatures
  An orc priest (D:3)
  An orc wizard (D:3)
  3 gnolls
  6 adders
  A dart slug (D:1)
  3 ribbon worms
  7 orcs
  11 endoplasms
  3 giant cockroaches
  8 goblins
  10 hobgoblins
  3 jackals (D:4)
  4 quokkas
  8 ball pythons
  8 bats
  A frilled lizard (D:3)
  7 kobolds
  6 rats
91 creatures vanquished.

Vanquished Creatures (others)
  351 foxfires
351 creatures vanquished.

Grand Total: 442 creatures vanquished

Notes
Turn   | Place    | Note
-------+----------+-------------------------------------------
     0 | D:1      | Nattfarinn the Mountain Dwarf Fire Elementalist began the
                  | quest for the Orb.
     0 | D:1      | Reached XP level 1. HP: 14/14 MP: 3/3
   112 | D:1      | Reached skill level 4 in Fire Magic
   237 | D:1      | Reached XP level 2. HP: 12/20 MP: 5/5
   752 | D:1      | Reached XP level 3. HP: 26/26 MP: 6/6
  1390 | D:2      | Reached skill level 5 in Fire Magic
  1954 | D:2      | Reached XP level 4. HP: 32/33 MP: 0/7
  2831 | D:3      | Reached skill level 6 in Fire Magic
  2831 | D:3      | Reached XP level 5. HP: 10/38 MP: 0/9
  3359 | D:3      | Identified the ring "Huoxe" {*Corrode *Slow rPois rN+
                  | Str+6}
  3424 | D:3      | Found a stormy altar of Qazlal.
  3562 | D:3      | Found a burning altar of Makhleb.
  3778 | D:4      | Found a staircase to the Ecumenical Temple.
  3891 | D:4      | Learned a level 2 spell: Scorch
  3904 | Temple   | Entered the Ecumenical Temple
  3921 | Temple   | Became a worshipper of Vehumet
  4058 | D:4      | Found Uzifu's Gadget Gallery.
  4325 | D:4      | Slain by a gnoll

Illustrated notes

Levels and vault maps discovered:
D:1:      lemuel_arrival_hallway, layout_basic, st_stairs_7,
          nicolae_grassy_gnolls
D:2:      layout_loops_cross
D:3:      layout_rooms, mainiacjoe_overflow_alcove_4,
          mainiacjoe_overflow_chevrons, nicolae_the_louvre
D:4:      layout_rooms, nicolae_overflow_two_pavilions,
          minmay_temple_entry_statues_fountains, nicolae_shop_gadgets
Temple:   nicolae_temple_bog_church

Skill      XL: |  1  2  3  4  5 |
---------------+----------------+-----
Fire Magic     | 4 5 6 |  6.8
Spellcasting   | 2 3 |  3.2
Dodging        | |  1.3
Stealth        | |  1.4
Conjurations   | |  0.8

Action                     |  1- 3 |  4- 6 || total
---------------------------+-------+-------++-------
  Melee: Unarmed           |    31 |       ||    31
         Dagger            |    32 |    33 ||    65
   Cast: Foxfire           |    99 |   105 ||   204
    Use: Scroll            |       |     4 ||     4
   Stab: Sleeping          |     2 |     3 ||     5
 Armour: Robe              |    43 |    39 ||    82
  Dodge: Dodged            |    43 |    40 ||    83

Table legend: (Time is in decaauts)
 A = Elapsed time spent in this place.
 B = Non-inter-level travel time spent in this place.
 C = Inter-level travel time spent in this place.
 D = Time resting spent in this place.
 E = Time spent auto-exploring this place.
 F = Levels seen in this place.
 G = Mean time per level.
                   A        B        C        D        E       F      G
               +--------+--------+--------+--------+--------+-----+--------+
         Total |   4325 |   4238 |     87 |     61 |   3553 |   5 |  865.0 |
       Dungeon |   4288 |   4237 |     51 |     61 |   3553 |   4 | 1072.0 |
        Temple |     37 |      2 |     35 |      0 |      0 |   1 |   37.0 |
               +--------+--------+--------+--------+--------+-----+--------+

Top non-repeatable levels by time:
     D:2: 1339 daAuts
     D:1: 1321 daAuts
     D:3: 1116 daAuts
     D:4: 511 daAuts
  Temple: 37 daAuts
